 Dungeon Crawl Stone Soup version 0.18.1-50-g88ac8fd (webtiles) character file.

53 Amnesiac the Cutter (level 3, -1/29 HPs)
             Began as a Merfolk Fighter on Mar 5, 2018.
             Slain by Sigmund
             ... wielding a +6 scythe of venom
              (4 damage)
             ... on level 3 of the Dungeon.
             The game lasted 00:02:43 (723 turns).

Amnesiac the Cutter (Merfolk Fighter)                Turns: 723, Time: 00:02:44

Health: -1/29      AC:  6    Str: 22    XL:     3   Next: 89%
Magic:  3/3        EV:  8    Int:  7    God:
Gold:   113        SH:  9    Dex: 13    Spells: 0 memorised, 2 levels left

rFire  . . .     SeeInvis .     a - +0 rapier
rCold  . . .     Gourm    .     b - +0 scale mail
rNeg   . . .     Faith    .     c - +0 shield
rPois  .         Spirit   .     (no helmet)
rElec  .         Dismiss  .     (no cloak)
rCorr  .         Reflect  .     (no gloves)
SustAt .         Harm     .     (no boots)
MR     .....                    (no amulet)
Stlth  ..........               (no ring)
                                (no ring)

@: mighty, lethally poisoned (-1 -> -24), very slightly contaminated, not
resistant to hostile enchantments, extremely unstealthy
A: change form in water, swift swim
a: no special abilities


You were on level 3 of the Dungeon.
You were not hungry.

You visited 1 branch of the dungeon, and saw 3 of its levels.

You collected 113 gold pieces.

Inventory:

Hand Weapons
 a - a +0 rapier (weapon)
Missiles
 h - 30 stones (quivered)
 l - 14 poisoned needles
Armour
 b - a +0 scale mail (worn)
 c - a +0 shield (worn)
Scrolls
 i - a scroll of random uselessness {!r, unknown}
 j - a scroll of teleportation {!r}
 k - a scroll of identify {!r, unknown}
Comestibles
 f - 2 bread rations


   Skills:
 - Level 3.2 Fighting
 - Level 4.0 Short Blades
 - Level 2.1 Armour
 + Level 2.7 Dodging
 - Level 3.0 Shields


You had 2 spell levels left.
You didn't know any spells.

Dungeon Overview and Level Annotations

Branches:
Dungeon (3/15)

Altars:

Annotations:
D:1 Terence
D:3 Ijyb, Sigmund


Message History

The orc wizard casts a spell at you. You resist with significant effort.
The orc wizard mumbles some strange words.
The orc wizard flickers and vanishes!
Deactivating autopickup; reactivate with Ctrl-A.
Read which item? (? for menu, Esc to quit)
Really read
e - a scroll labeled JOTANG RADWARA {!r}?
As you read the scroll labeled JOTANG RADWARA {!r}, it crumbles to dust.
It is a scroll of amnesia.
You feel forgetful for a moment.
Read which item? (? for menu, Esc to quit)
Really read
g - a scroll labeled KEGAOL MASTU {!r}?
As you read the scroll labeled KEGAOL MASTU {!r}, it crumbles to dust.
You hear a loud clanging noise!
It was a scroll of noise {!r}.
You hear a shout!
You hear some strange, mumbled words.
You are confused.
You're too confused!
Drink which item? (? for menu, Esc to quit)
Okay, then.
Drink which item? (? for menu, Esc to quit)
Really quaff
d - a potion of might {!q}?
You feel very mighty all of a sudden.
You bump into the rock wall.
Something hits you but does no damage.
Sigmund the Dreaded comes into view.
He is wielding a scythe of venom.
You're too confused!
Unknown command.
You bump into the rock wall.
Something hits you but does no damage.
You bump into the rock wall.
You hear some strange, mumbled words.
You are more confused.
You bump into the rock wall.
Something hits you but does no damage.
You hit something. Something hits you but does no damage.
You barely miss something. Something hits you.
Something hits you but does no damage.
You bump into the rock wall.
Something hits you.
You closely miss something. Something hits you but does no damage.
You completely miss something.
Sigmund gestures wildly while chanting.
Sigmund flickers and vanishes!
Something completely misses you.
You barely miss something. Something hits you.
You bump into the rock wall.
You feel less confused. Something hits you.
Read which item? (? for menu, Esc to quit)
Really read
m - a scroll labeled ZYUFFU ULOCHA {!r}?
Blink to where?
Press: ? - help, Dir - move target cursor You are very lightly contaminated with residual magic.
As you read the scroll labeled ZYUFFU ULOCHA {!r}, it crumbles to dust.
It was a scroll of blinking {!r}.
A magic dart appears from out of thin air!
The magic dart hits you! Something hits you.
You are poisoned.
The orc priest invokes the aid of Beogh against you.
Your shield and scale mail prevent you from hitting something.
You feel sick. Something hits you!
* * * LOW HITPOINT WARNING * * *
You are more poisoned.
You miss something.
* * * LOW HITPOINT WARNING * * *
You feel sick. Something hits you.
You die...

##########....#
#.......)....##
###########.##
#.# #.# #.# #.#
###########.#
#....{ooo{@.#
#############


You could see an orc priest and 2 orcs.

Vanquished Creatures
  Natasha (D:3)
  A dart slug (D:1)
  A giant gecko (D:1)
  An orc (D:3)
  A giant cockroach (D:1)
  A hobgoblin (D:1)
  4 jackals (D:1)
  A kobold (D:3)
  3 bats
  A giant newt (D:1)
  13 rats (D:1)
28 creatures vanquished.

Notes
Turn   | Place    | Note
--------------------------------------------------------------
     0 | D:1      | Amnesiac the Merfolk Fighter began the quest for the Orb.
     0 | D:1      | Reached XP level 1. HP: 18/18 MP: 1/1
    72 | D:1      | Reached skill level 3 in Short Blades
    88 | D:1      | Reached XP level 2. HP: 16/24 MP: 2/2
   312 | D:1      | Reached skill level 4 in Short Blades
   335 | D:2      | Reached XP level 3. HP: 29/29 MP: 3/3
   347 | D:2      | Noticed Terence
   391 | D:3      | Reached skill level 1 in Dodging
   452 | D:3      | Noticed Natasha
   465 | D:3      | Killed Natasha
   601 | D:3      | Noticed Ijyb
   709 | D:3      | Noticed Sigmund
   723 | D:3      | Slain by Sigmund

Skill      XL: |  1  2  3 |
---------------+----------+-----
Short Blades   | 3 4 |  4.0
Dodging        | 2 |  2.7
Fighting       | |  3.2
Armour         | |  2.1
Shields        | |  3.0

Action                   || total
-------------------------++-------
Melee: Rapier            ||    97
  Use: Scroll            ||     4
       Potion            ||     1
Armor: Scale mail        ||    46
Dodge: Dodged            ||    25
Block: Shield            ||    51
